 Dungeon Crawl Stone Soup version 0.28-a0-1613-gdaab1c2f9b (webtiles) character file.

Game seed: 7029379931257172972

63 Shayle the Chopper (level 3, 0/27 HPs)
             Began as a Demonspawn Warper on Jan 21, 2022.
             Frozen to death by an endoplasm (2 damage)
             ... on level 3 of the Dungeon.
             The game lasted 00:03:21 (1519 turns).

Shayle the Chopper (Demonspawn Warper)              Turns: 1519, Time: 00:03:21

Health: 0/27       AC:  3    Str: 13    XL:     3   Next: 87%
Magic:  6/6        EV: 11    Int: 14    God:
Gold:   61         SH:  4    Dex: 12    Spells: 6/6 levels left

rFire   . . .      SeeInvis .   a - +0 hand axe
rCold   . . .      Faith    .   (no shield)
rNeg    . . .      Spirit   .   b - +0 leather armour
rPois   .          Reflect  .   (no helmet)
rElec   .          Harm     .   (no cloak)
rCorr   .          Rampage  .   (no gloves)
Will    .....                   (no boots)
Stlth   +.........              (no amulet)
HPRegen 0.09/turn               (no ring)
MPRegen 0.20/turn               (no ring)

@: no status effects
A: magic regeneration, condensation shield
a: no special abilities


You were on level 3 of the Dungeon.
You visited 1 branch of the dungeon, and saw 3 of its levels.

You collected 61 gold pieces.

Inventory:

Hand Weapons
 a - a +0 hand axe (weapon)
Armour
 b - a +0 leather armour (worn)
Scrolls
 e - a scroll of noise {unknown}
 f - a scroll of summoning {unknown}


   Skills:
 - Level 2.0 Fighting
 + Level 3.9 Axes
 - Level 0.8 Throwing
 - Level 0.8 Armour
 - Level 1.7 Dodging
 - Level 2.0 Spellcasting
 - Level 2.6 Translocations


You had 6 spell levels left.
You didn't know any spells.
Your spell library contained the following spells:

 Spells                   Type           Power      Damage    Failure   Level
 Blink                    Tloc           16%        N/A       16%         2
 Gell's Gravitas          Tloc           8%         N/A       30%         3
 Lesser Beckoning         Tloc           8%         N/A       30%         3
 Teleport Other           Tloc           8%         N/A       30%         3
 Manifold Assault         Tloc           8%         N/A       95%         5


Dungeon Overview and Level Annotations

Branches:
Dungeon (3/15)

Altars:

Annotations:
D:2 Robin


Innate Abilities, Weirdness & Mutations

You regenerate magic rapidly.
A meltable shield of frost defends you. (SH +4)


Message History

Okay, then.
Okay, then.
Okay, then.
Blink to where?
Press: ? - help, Dir - move target, p - adder
As you read the scroll of blinking, it crumbles to dust.
You feel sick.
You feel sick.
You slide downwards.
The hatch slams shut behind you.
You feel sick.
The gnoll shouts!
The orc shouts!
You hear a shout! x2
Unknown command. 2 gnolls come into view.
Found 15 stones, a gold piece and a scroll labelled DOGIEJ ROBUDA.
You feel sick.
The gnoll shouts!
A kobold comes into view. It is wielding a +0 short sword.
You feel sick.
You feel sick.
You are no longer poisoned.
The gnoll barely misses you.
Found a scroll labelled KOISAP LOTTU.
The kobold hits you with a +0 short sword.
* * * LOW HITPOINT WARNING * * *
You see here 15 stones.
An endoplasm comes into view.
The endoplasm quivers.
An adder comes into view.
The adder hisses angrily.
You hear an angry hiss.
A frilled lizard comes into view.
Found an escape hatch in the floor.
The adder bites you but does no damage. The adder bites you.
* * * LOW HITPOINT WARNING * * *
The frilled lizard bites you but does no damage.
Really walk into that dispersal trap?
You enter a dispersal trap!
The adder blinks!
The gnoll blinks!
The kobold blinks!
The frilled lizard blinks!
The gnoll blinks!
The adder blinks!
The kobold blinks!
You blink.
The endoplasm freezes you.
You are frozen.
You die...

... # ... ..## . ##. ##.#
.... ...
##...##..####.§###...#
.....#......K.>......#..
.......#......##.......#
#...........?.........##
#...#..g...@..........##
#.§g§§.Joo..........
.......#.§..§.g.l......##
########......S.........#
#######..o.o.....#
#..........#
#########..## #....#
#..##o.....


You could see an orc priest, an orc wizard, 3 gnolls, an adder, 2 orcs, an
endoplasm, a kobold and a frilled lizard.

Vanquished Creatures
  An adder (D:2)
  4 dart slugs
  5 endoplasms
  A giant cockroach (D:1)
  12 goblins
  3 hobgoblins (D:1)
  8 ball pythons (D:1)
  A bat (D:1)
  3 frilled lizards (D:1)
  2 kobolds (D:1)
  2 rats
42 creatures vanquished.

Notes
Turn   | Place    | Note
-------+----------+-------------------------------------------
     0 | D:1      | Shayle the Demonspawn Warper began the quest for the Orb.
     0 | D:1      | Reached XP level 1. HP: 16/16 MP: 3/3
    98 | D:1      | Reached skill level 2 in Axes
   271 | D:1      | Gained mutation: A meltable shield of frost defends you.
                  | (SH +4) [demonic ancestry]
   271 | D:1      | Reached XP level 2. HP: 20/22 MP: 5/5
   434 | D:1      | Reached skill level 3 in Axes
   902 | D:1      | Gained mutation: You regenerate magic rapidly. [demonic
                  | ancestry]
   902 | D:1      | Reached XP level 3. HP: 27/27 MP: 6/6
  1270 | D:2      | Noticed Robin
  1375 | D:2      | Found a faded altar of an unknown god.
  1519 | D:3      | Frozen to death by an endoplasm

Illustrated notes

Levels and vault maps discovered:
D:1:      arrival_zaba_pyramid, layout_basic
D:2:      layout_loops_cross, basic_altar, ebering_ecumenical_altar_petrified,
          uniq_robin
D:3:      layout_rooms, kennysheep_big_empty_room, solitary_fountain, uniq_ijyb,
          uniq_natasha

Skill      XL: |  1  2 |
---------------+-------+-----
Axes           | 2 3 |  3.9
Fighting       | |  2.0
Throwing       | |  0.8
Armour         | |  0.8
Dodging        | |  1.7
Spellcasting   | |  2.0
Translocations | |  2.6

Action                   || total
-------------------------++-------
Melee: Hand axe          ||   100
       Punch             ||     1
Throw: Boomerang         ||     5
  Use: Scroll            ||     1
 Stab: Sleeping          ||     1
Armor: Leather armour    ||    20
Dodge: Dodged            ||    55
Block: Other             ||    14

Table legend: (Time is in decaauts)
 A = Elapsed time spent in this place.
 B = Non-inter-level travel time spent in this place.
 C = Inter-level travel time spent in this place.
 D = Time resting spent in this place.
 E = Time spent auto-exploring this place.
 F = Levels seen in this place.
 G = Mean time per level.
                   A        B        C        D        E       F      G
               +--------+--------+--------+--------+--------+-----+--------+
         Total |   1534 |   1524 |     10 |    296 |    898 |   3 |  511.3 |
       Dungeon |   1534 |   1524 |     10 |    296 |    898 |   3 |  511.3 |
               +--------+--------+--------+--------+--------+-----+--------+

Top non-repeatable levels by time:
     D:1: 1219 daAuts
     D:2: 299 daAuts
     D:3: 16 daAuts
